[Event "Titled Tuesday Blitz July 26 Late 2022"]
[White "Kozin, Yuri"]
[Black "Van Dael, Siem"]
[WhiteFideId "4129920"]
[BlackFideId "1049771"]
[WhiteElo "2544"]
[BlackElo "2113"]
[Result "1-0"]
[Round "10"]
[TimeControl "180+1"]
[Date "2022.07.26"]
[WhiteClock "0:01:15"]
[BlackClock "0:00:53"]

1. e4 c5 2. Nf3 d6 3. d4 cxd4 4. Nxd4 Nf6 5. Nc3 a6 6. Be3 e5 7. Nf3 Be6 8. Ng5 Nc6 9. Nxe6 fxe6 10. Bc4 Qd7 11. Qf3 Nd4 12. Bxd4 exd4 13. Ne2 e5 14. c3 Rc8 15. Bb3 dxc3 16. Nxc3 b5 17. O-O Qg4 18. Qxg4 Nxg4 19. Be6 Rxc3 20. bxc3 Nf6 21. f3 Ke7 22. Bb3 d5 23. exd5 Kd6 24. a4 Kc5 25. axb5 axb5 26. Ra7 Nxd5 27. Bxd5 Kxd5 28. Rd1+ Kc6 29. Kf1 Bc5 30. Rxg7 Ra8 31. Rd2 Ra1+ 32. Ke2 b4 33. cxb4 Bxb4 34. Rc2+ Kd5 35. Rxh7 Re1+ 36. Kf2 Rd1 37. Rd7+ Bd6 38. Ke2 Rd4 39. Rd2 Ke6 40. Rxd6+ Kxd6 41. Rxd4+ 1-0


[Site "https://www.chess.com"]

[Event "Titled Tuesday Blitz July 26 Late 2022"]
[White "Krastev, Alexander"]
[Black "Weetik, Vjacheslav"]
[WhiteFideId "12989983"]
[BlackFideId "4153472"]
[WhiteElo "2535"]
[BlackElo "2469"]
[Result "1-0"]
[Round "10"]
[TimeControl "180+1"]
[Date "2022.07.26"]
[WhiteClock "0:00:04"]
[BlackClock "0:00:03"]

1. e4 c6 2. Nf3 d5 3. d3 Bg4 4. h3 Bh5 5. Qe2 e6 6. g4 Bg6 7. Bg2 dxe4 8. dxe4 e5 9. Nbd2 Nd7 10. Nc4 Qc7 11. Nh4 Ngf6 12. O-O b5 13. Nd2 Nc5 14. Nf5 Ne6 15. Nf3 Bc5 16. a4 O-O 17. axb5 cxb5 18. Qxb5 Nxe4 19. N3h4 Nxf2 20. Rxf2 Bxf2+ 21. Kxf2 Qxc2+ 22. Qe2 Qxe2+ 23. Kxe2 Rab8 24. Rxa7 Nf4+ 25. Bxf4 exf4 26. Ra2 Kh8 27. Bd5 Rfd8 28. Bc4 Bxf5 29. Nxf5 g6 30. Nh6 Rd4 31. b3 Kg7 32. g5 Rb7 33. Ra8 Re4+ 34. Kf2 1-0


[Site "https://www.chess.com"]

[Event "Titled Tuesday Blitz July 26 Late 2022"]
[White "Kravtsiv, Martyn"]
[Black "Lewtak, Damian"]
[WhiteFideId "14113147"]
[BlackFideId "1141724"]
[WhiteElo "2694"]
[BlackElo "2359"]
[Result "1/2-1/2"]
[Round "10"]
[TimeControl "180+1"]
[Date "2022.07.26"]
[WhiteClock "0:00:27"]
[BlackClock "0:00:09"]

1. e4 c5 2. Nf3 d6 3. Bb5+ Bd7 4. Bxd7+ Qxd7 5. O-O Nf6 6. Qe2 Nc6 7. b3 e6 8. Bb2 Be7 9. c4 e5 10. Nc3 Nd4 11. Nxd4 cxd4 12. Nd5 Nxd5 13. cxd5 Bg5 14. g3 Bf6 15. Rac1 O-O 16. Rc4 Bd8 17. f4 f5 18. fxe5 dxe5 19. Ba3 Rf7 20. Kg2 a5 21. d3 Ra6 22. d6 b5 23. Rc5 b4 24. Bc1 Rxd6 25. Rxe5 fxe4 26. Qxe4 Rxf1 27. Kxf1 Bf6 28. Re8+ Kf7 29. Rb8 Qh3+ 30. Kg1 Re6 31. Qd5 Qg4 32. Bf4 Qd1+ 33. Kg2 Qe2+ 34. Kh3 Kg6 35. Rb5 Qf1+ 36. Kg4 Qd1+ 37. Kh3 Qf1+ 38. Kg4 Qd1+ 39. Kh3 Qf1+ 1/2-1/2


[Site "https://www.chess.com"]

[Event "Titled Tuesday Blitz July 26 Late 2022"]
[White "Krstulovic, Alex"]
[Black "Madaminov, Mukhiddin"]
[WhiteFideId "760056"]
[BlackFideId "14210703"]
[WhiteElo "2244"]
[BlackElo "2011"]
[Result "1/2-1/2"]
[Round "10"]
[TimeControl "180+1"]
[Date "2022.07.26"]
[WhiteClock "0:00:07"]
[BlackClock "0:00:58"]

1. e4 e6 2. d4 d5 3. e5 c5 4. c3 Nc6 5. Nf3 Qb6 6. Be2 f6 7. O-O fxe5 8. Nxe5 Nxe5 9. dxe5 c4 10. b3 cxb3 11. axb3 Ne7 12. Na3 Nc6 13. Nb5 a6 14. Bd3 g6 15. Bg5 Rb8 16. Bf6 Rg8 17. Nd6+ Bxd6 18. exd6 Qc5 19. Re1 Rf8 20. Bh4 e5 21. b4 Qxd6 22. b5 axb5 23. Bxb5 Bd7 24. Bg3 Rf5 25. Bxc6 Bxc6 26. Qd4 Rc8 27. Bxe5 Qd7 28. Bd6+ Kf7 29. Re7+ Qxe7 30. Bxe7 Kxe7 31. Qg7+ Kd6 32. Re1 Kc5 33. Qd4+ Kd6 34. Qb4+ Kc7 35. Re7+ Kb8 36. g4 Rf3 37. Qd6+ Ka8 38. Re1 Ka7 39. Qc5+ Kb8 40. Qd6+ Ka7 41. Ra1+ Kb6 42. Rb1+ Ka7 43. Qc5+ Kb8 44. Qd6+ Ka7 45. Ra1+ Kb6 46. Rb1+ Ka7 1/2-1/2


[Site "https://www.chess.com"]

[Event "Titled Tuesday Blitz July 26 Late 2022"]
[White "Leitao, Rafael"]
[Black "Maksimovic, Bojan"]
[WhiteFideId "2101246"]
[BlackFideId "14408120"]
[WhiteElo "2609"]
[BlackElo "2453"]
[Result "0-1"]
[Round "10"]
[TimeControl "180+1"]
[Date "2022.07.26"]
[WhiteClock "0:00:07"]
[BlackClock "0:00:48"]

1. c4 b6 2. d4 Bb7 3. Nf3 e6 4. g3 f5 5. Bg2 Nf6 6. O-O Be7 7. Nc3 O-O 8. Re1 Ne4 9. Qc2 Nxc3 10. bxc3 Be4 11. Qb3 Nc6 12. a4 Na5 13. Qa2 c5 14. Bf1 Rc8 15. Nd2 Bb7 16. Ba3 Ba6 17. d5 e5 18. e4 d6 19. Bh3 fxe4 20. Bxc8 Qxc8 21. Rxe4 Qf5 22. f3 Bg5 23. Rf1 Bxd2 24. Qxd2 Bxc4 25. Rf2 Ba6 26. Qe1 Bd3 27. Re3 Nc4 28. Bc1 Nxe3 29. Qxe3 Bc4 30. f4 e4 31. Rg2 Qxd5 32. Bd2 Qd3 33. Qxd3 Bxd3 34. Kf2 d5 35. Rg1 d4 36. cxd4 cxd4 37. Bb4 Rc8 0-1


[Site "https://www.chess.com"]

[Event "Titled Tuesday Blitz July 26 Late 2022"]
[White "Manukian, Artak"]
[Black "Veiga, Jose Francisco R P Neves"]
[WhiteFideId "13301373"]
[BlackFideId "1930087"]
[WhiteElo "2366"]
[BlackElo "2288"]
[Result "1-0"]
[Round "10"]
[TimeControl "180+1"]
[Date "2022.07.27"]
[WhiteClock "0:01:12"]
[BlackClock "0:00:12"]

1. e4 Nc6 2. Nf3 d5 3. exd5 Qxd5 4. Nc3 Qa5 5. d4 Bg4 6. d5 O-O-O 7. Bd2 Nd4 8. Be2 Nxe2 9. Qxe2 Nf6 10. h3 Bxf3 11. Qxf3 Kb8 12. O-O-O g6 13. Bg5 Bg7 14. Kb1 h6 15. Bxf6 Bxf6 16. Ne4 Qb6 17. Nxf6 Qxf6 18. Qxf6 exf6 19. Rhe1 Rhe8 20. c4 f5 21. Kc2 Kc8 22. Kc3 Kd7 23. Kd4 h5 24. h4 Re4+ 25. Rxe4 fxe4 26. Kxe4 Re8+ 27. Kf3 f5 28. b3 Re4 29. g3 Kd6 30. Rd2 a6 31. Re2 Rg4 32. Re6+ Kc5 33. Re7 Kd6 34. Rg7 b5 35. Ke3 bxc4 36. bxc4 Rxc4 37. Rxg6+ Kxd5 38. Rxa6 Ke5 39. f4+ Kd5 40. Rf6 Rc3+ 41. Kf2 Ke4 42. Re6+ Kd4 43. Re5 Rc5 44. Rxc5 Kxc5 45. g4 fxg4 46. f5 Kd5 47. a4 c5 48. a5 c4 49. a6 Kc6 50. f6 c3 51. f7 c2 52. f8=Q 1-0


[Site "https://www.chess.com"]

[Event "Titled Tuesday Blitz July 26 Late 2022"]
[White "Melikhov, Evgeny V."]
[Black "Kovacevic, Radmila"]
[WhiteFideId "4122046"]
[BlackFideId "933171"]
[WhiteElo "1995"]
[BlackElo "2157"]
[Result "1-0"]
[Round "10"]
[TimeControl "180+1"]
[Date "2022.07.27"]
[WhiteClock "0:00:11"]
[BlackClock "0:00:24"]

1. e4 e5 2. Nf3 d5 3. Nxe5 Bd6 4. d4 dxe4 5. Nc3 Bxe5 6. dxe5 Qxd1+ 7. Kxd1 Bg4+ 8. Be2 Bf5 9. f4 Nc6 10. g4 O-O-O+ 11. Ke1 Be6 12. Nxe4 Bd5 13. Bd3 f6 14. Rg1 fxe5 15. f5 Nf6 16. Nxf6 gxf6 17. Bh6 e4 18. Be2 Rhg8 19. Kf2 Nd4 20. c3 Nxe2 21. Kxe2 Bc4+ 22. Kf2 Rd3 23. Rg3 Rxg3 24. Kxg3 Be2 25. h3 Kd7 26. Re1 Bd3 27. Kf4 Ke7 28. h4 Kf7 29. g5 Re8 30. Re3 Bb1 31. a3 b6 32. h5 fxg5+ 33. Bxg5 c5 34. Rg3 e3 35. Rxe3 Rxe3 36. Kxe3 Bxf5 37. Kf4 Bc2 38. Ke5 b5 39. Kd5 c4 40. Kc5 Ba4 41. Kc6 b4+ 42. Kb7 bxa3 43. bxa3 Ke6 44. Kxa7 Kf5 45. Bc1 Kg4 46. h6 Kf3 47. Kb6 Ke2 48. Ka5 Bb3 49. Kb4 Kd1 50. Bg5 Kc2 51. Bf6 Kd3 52. a4 Bd1 53. a5 Bf3 54. Kc5 Ba8 55. Kb6 Ke4 56. a6 Kf5 57. Bg7 Kg6 58. Ka7 Bd5 59. Kb8 Kf5 60. a7 Ke4 61. a8=Q Bxa8 62. Kxa8 Kd5 63. Kb7 Kc5 64. Kc7 Kb5 65. Kd6 Kb6 66. Kd5 Kc7 67. Kxc4 Kc6 68. Kd4 Kc7 69. c4 Kd7 70. c5 Kc6 71. Kc4 Kc7 72. Kd5 Kb7 73. c6+ Kc8 74. Kc5 Kd8 75. Be5 Kc8 76. Kb6 Kd8 77. Kb7 Ke7 78. c7 Kf7 79. c8=Q Kg6 80. Qe6+ Kh5 81. Qf5+ Kh4 82. Qxh7 Kh5 83. Qg7 Kh4 84. h7 Kh3 85. h8=Q# 1-0


[Site "https://www.chess.com"]

[Event "Titled Tuesday Blitz July 26 Late 2022"]
[White "Miszler, Levente"]
[Black "Carrasco Miranda, Andres"]
[WhiteFideId "763276"]
[BlackFideId "3405990"]
[WhiteElo "1966"]
[BlackElo "2177"]
[Result "0-1"]
[Round "10"]
[TimeControl "180+1"]
[Date "2022.07.27"]
[WhiteClock "0:00:04"]
[BlackClock "0:00:06"]

1. Nf3 Nf6 2. c4 g6 3. g3 Bg7 4. Bg2 O-O 5. O-O d5 6. Qc2 Nc6 7. a3 a5 8. d3 d4 9. Nbd2 e5 10. b3 Re8 11. Rb1 Qe7 12. Ng5 h6 13. Nge4 Nxe4 14. Bxe4 Kh7 15. Qb2 Bh3 16. Re1 f5 17. Bg2 Bxg2 18. Kxg2 e4 19. dxe4 fxe4 20. Qc2 d3 21. Qd1 e3 22. exd3 Qd7 23. Ne4 exf2 24. Nxf2 Rxe1 25. Qxe1 Re8 26. Qd1 Nd4 27. Qg4 Qc6+ 28. Ne4 h5 29. Qf4 g5 30. Qe3 g4 31. Bb2 Nf3 32. Bxg7 Kxg7 33. b4 axb4 34. axb4 Ra8 35. Rf1 Ra2+ 36. Rf2 Ra1 37. Rxf3 gxf3+ 38. Qxf3 Ra2+ 39. Kh3 Qe6+ 40. Kh4 Rxh2+ 41. Kg5 Qg6+ 42. Kf4 Qf7+ 43. Ke3 Qxf3+ 44. Kxf3 Rb2 45. b5 Kg6 46. Nc5 b6 47. Ne6 Rb3 48. Ke4 Rb2 49. Nxc7 Kg5 50. d4 Kg4 51. d5 Kxg3 52. d6 h4 53. d7 Re2+ 54. Kf5 Rf2+ 55. Ke6 Rf8 56. Ne8 h3 57. d8=Q h2 58. Qg5+ Kf2 59. Qh4+ Kg2 60. Qg4+ Kh1 61. Ke7 Rxe8+ 62. Kd7 Rd8+ 63. Kc7 Rg8 64. Qf3+ Kg1 65. Kxb6 h1=Q 66. Qxh1+ Kxh1 67. c5 Kg2 68. c6 Kf3 69. c7 Ke4 70. Kb7 Kd5 71. b6 Kc5 72. Ka7 Kc6 73. b7 Kxc7 74. Ka6 Rb8 75. Ka7 Rxb7+ 76. Ka8 Rb6 0-1


[Site "https://www.chess.com"]

[Event "Titled Tuesday Blitz July 26 Late 2022"]
[White "Musovic, Armin"]
[Black "Melikyan, Gnel"]
[WhiteFideId "939935"]
[BlackFideId "54109990"]
[WhiteElo "2255"]
[BlackElo "1772"]
[Result "0-1"]
[Round "10"]
[TimeControl "180+1"]
[Date "2022.07.27"]
[WhiteClock "0:00:17"]
[BlackClock "0:00:10"]

1. a3 a6 2. Nc3 Nf6 3. e4 e5 4. f4 d5 5. exd5 Nxd5 6. Nxd5 Qxd5 7. Qe2 Nc6 8. Nf3 Bg4 9. fxe5 O-O-O 10. c3 Nxe5 11. Qxe5 Bxf3 12. Qxd5 Bxd5 13. d4 c5 14. Be3 cxd4 15. Bxd4 Bd6 16. Kf2 f6 17. Re1 g6 18. Bb6 Rde8 19. Be2 Re6 20. Bg4 f5 21. Rxe6 Bxe6 22. Bf3 Re8 23. Re1 Bf7 24. Rd1 Bc7 25. Bd4 Bc4 26. b3 Bb5 27. a4 Bc6 28. Bxc6 bxc6 29. g3 Kb7 30. b4 a5 31. Rb1 axb4 32. Rxb4+ Kc8 33. h4 Rd8 34. Rc4 Kb7 35. Bc5 Rd5 36. Bb4 Bb6+ 37. Ke2 c5 38. Ba3 Kc6 39. g4 fxg4 40. Rxg4 Bd8 41. Bc1 Bf6 42. Bd2 Re5+ 43. Kd1 Rd5 44. Kc2 Rf5 45. Kb3 Rf2 46. Bg5 Be5 47. Re4 Kd5 48. Re1 c4+ 49. Kb4 Rb2+ 50. Ka5 Bxc3+ 51. Ka6 Bxe1 52. Bf6 c3 53. a5 Ra2 54. Kb5 c2 0-1


[Site "https://www.chess.com"]

[Event "Titled Tuesday Blitz July 26 Late 2022"]
[White "Nagy, Gabor"]
[Black "Bortnyk, Olexandr"]
[WhiteFideId "737119"]
[BlackFideId "14120828"]
[WhiteElo "2530"]
[BlackElo "2723"]
[Result "0-1"]
[Round "10"]
[TimeControl "180+1"]
[Date "2022.07.26"]
[WhiteClock "0:00:06"]
[BlackClock "0:00:05"]

1. Nf3 d6 2. g3 e5 3. Bg2 e4 4. Nd4 c5 5. Nb3 Nf6 6. d3 exd3 7. cxd3 Nc6 8. Nc3 Be7 9. O-O h5 10. h4 Bg4 11. Bg5 Qd7 12. d4 cxd4 13. Nxd4 Bh3 14. Bxh3 Qxh3 15. Bxf6 gxf6 16. Nf3 Rg8 17. Nd5 O-O-O 18. Nf4 Qf5 19. e3 Ne5 20. Nd4 Qe4 21. Qc2+ Qxc2 22. Nxc2 Nf3+ 23. Kh1 f5 24. Rac1 Kd7 25. Rfd1 Bf6 26. Nd5 Bh8 27. Ncb4 Rc8 28. Nd3 Ne5 29. N3f4 Ng4 30. Kg2 Bxb2 31. Rb1 Rc2 32. Nd3 Be5 33. Rxb7+ Kc8 34. Rxf7 Nxf2 35. Rc1 Rxg3+ 36. Kf1 Rxc1+ 37. Nxc1 Ng4 38. Ne7+ Kd8 39. Nxf5 Rf3+ 40. Ke2 Rf2+ 41. Kd3 Ke8 42. Nxd6+ Bxd6 43. Rxa7 Be7 44. Nb3 Rf3 45. Nd4 Rxe3+ 46. Kc4 Re4 47. Kd5 Nf6+ 48. Kc4 Nd7 49. Ra8+ Kf7 50. Kd3 Rxh4 51. Nf5 Rh3+ 52. Kc4 Nb6+ 53. Kb5 Nxa8 0-1


[Site "https://www.chess.com"]

[Event "Titled Tuesday Blitz July 26 Late 2022"]
[White "Nakamura, Hikaru"]
[Black "Salem, A.R. Saleh"]
[WhiteFideId "2016192"]
[BlackFideId "9301348"]
[WhiteElo "2850"]
[BlackElo "2679"]
[Result "1/2-1/2"]
[Round "10"]
[TimeControl "180+1"]
[Date "2022.07.26"]
[WhiteClock "0:00:15"]
[BlackClock "0:00:19"]

1. g3 d5 2. Bg2 e5 3. d3 Nc6 4. Nc3 Be6 5. e4 Nge7 6. Nh3 f6 7. f4 Qd7 8. Nf2 exf4 9. Bxf4 O-O-O 10. O-O d4 11. Nb5 Ne5 12. a4 N7c6 13. h4 a6 14. Na3 Be7 15. Nc4 Nxc4 16. dxc4 Bxc4 17. Nd3 Bd6 18. Kh2 Kb8 19. b4 Ne5 20. b5 a5 21. Bxe5 Bxe5 22. Nxe5 fxe5 23. Rf5 Qd6 24. Qd2 h6 25. Qxa5 g5 26. b6 cxb6 27. Qxe5 Qxe5 28. Rxe5 gxh4 29. gxh4 Rd6 30. Re7 Re6 31. Rd7 Rg8 32. Rxd4 Reg6 33. Bh3 Be6 34. Rd6 Bxh3 35. Rxg6 Rxg6 36. Kxh3 Kc7 37. Re1 Kd6 38. e5+ Ke6 39. Re3 h5 40. Re4 Kd5 41. Rb4 Rc6 42. Kg3 Kxe5 43. Rb5+ Rc5 44. Rxb6 Rc3+ 45. Kf2 Rxc2+ 46. Ke3 Rc3+ 47. Kd2 Rc4 48. a5 Rxh4 49. Kc3 Ra4 50. Rb5+ Kd6 51. Kb3 Ra1 52. Rxh5 Kc7 53. Kb2 Ra4 54. Kb3 Ra1 55. Kb4 Kb8 56. Rh6 Ka7 57. Rh3 Rb1+ 58. Kc5 Ra1 59. Kb5 Rb1+ 60. Ka4 Ra1+ 61. Kb4 Rb1+ 62. Kc4 Rc1+ 63. Kd5 Ra1 64. Kc5 Rxa5+ 65. Kb4 Rg5 66. Rh6 b6 67. Rf6 Rg4+ 68. Kb5 Rg5+ 69. Kb4 Ka6 70. Rh6 Rg3 71. Rh4 Rg5 72. Rf4 Rb5+ 73. Ka3 Rc5 74. Ka4 Rc1 75. Rh4 Ra1+ 76. Kb4 Rb1+ 77. Ka4 Rb5 78. Rh8 Rf5 79. Ra8+ Kb7 80. Rg8 Rf4+ 81. Kb5 Rf5+ 82. Kb4 Rd5 83. Rg7+ Kc6 84. Rg4 Rb5+ 85. Ka4 Rb1 86. Rg6+ Kc5 87. Rg5+ Kc4 88. Rg4+ Kd5 89. Rg5+ Kc6 90. Rg6+ Kb7 91. Rg7+ Ka6 92. Rg8 b5+ 93. Ka3 Rh1 94. Ra8+ Kb6 95. Rb8+ Kc6 96. Rc8+ Kb7 97. Rf8 Rh4 98. Kb3 Kb6 99. Re8 Ka5 100. Ra8+ Kb6 101. Rg8 Rh3+ 102. Kb4 Rh4+ 103. Kc3 Rc4+ 104. Kb3 Rc6 105. Kb4 Rc4+ 106. Kb3 Re4 107. Rb8+ Ka5 108. Ra8+ Kb6 109. Rh8 Rd4 110. Kc3 Rd5 111. Kb4 Rd4+ 112. Kb3 Kc5 113. Rh5+ Rd5 114. Rh3 Re5 115. Rc3+ Kb6 116. Rg3 Ka5 117. Rh3 Re4 118. Rg3 Re5 119. Rg4 Re3+ 120. Kb2 b4 121. Rg8 Kb5 122. Rb8+ Ka4 123. Ra8+ Kb5 124. Rb8+ Ka4 125. Ra8+ Kb5 126. Rg8 Re2+ 127. Kb3 Re3+ 128. Ka2 Ka4 129. Ra8+ Kb5 130. Rh8 Kc4 131. Rc8+ Kb5 132. Rc7 Kb6 133. Rd7 Kc5 134. Kb2 Kb5 135. Rd8 Re2+ 136. Kb3 Re3+ 137. Ka2 Re5 138. Kb2 Kc4 139. Rc8+ Rc5 140. Rh8 Kb5 141. Rh3 Ka4 142. Rh8 Re5 143. Ra8+ Kb5 144. Rg8 Re2+ 145. Kb3 Re3+ 146. Kc2 Rh3 147. Kb2 Rh6 148. Rf8 Rh3 149. Re8 Rg3 150. Rd8 Rg2+ 151. Kb1 Kc4 152. Rc8+ Kb3 153. Rc1 Rb2+ 154. Ka1 Ra2+ 155. Kb1 Rh2 156. Rg1 Ka3 157. Rg3+ b3 158. Rg1 Ra2 159. Rh1 Rb2+ 160. Ka1 Rd2 161. Kb1 Rb2+ 162. Ka1 Rc2 163. Kb1 Rc3 164. Rg1 b2 165. Rh1 Kb3 166. Rh3 Rxh3 1/2-1/2


[Site "https://www.chess.com"]

[Event "Titled Tuesday Blitz July 26 Late 2022"]
[White "Nazaretyan, Tigran"]
[Black "Ernst, Sipke"]
[WhiteFideId "24162345"]
[BlackFideId "1004689"]
[WhiteElo "2179"]
[BlackElo "2436"]
[Result "0-1"]
[Round "10"]
[TimeControl "180+1"]
[Date "2022.07.26"]
[WhiteClock "0:00:05"]
[BlackClock "0:01:05"]

1. d4 Nf6 2. c4 g6 3. Nc3 Bg7 4. e4 O-O 5. Nf3 d6 6. Be2 e5 7. O-O Bg4 8. d5 a5 9. Ne1 Bd7 10. Nd3 Na6 11. Be3 b6 12. a3 Nc5 13. f3 a4 14. Nb4 Nh5 15. Rc1 Nf4 16. Nc6 Qg5 17. Bxf4 exf4 18. Nb5 Rac8 19. Nca7 Ra8 20. Rc2 Nb3 21. Nc6 Bxc6 22. dxc6 Qe7 23. Kh1 Be5 24. Qd3 Nc5 25. Qd5 Kg7 26. Bd3 h5 27. g3 fxg3 28. f4 Bf6 29. Rg2 h4 30. hxg3 hxg3 31. Rxg3 Bxb2 32. Rfg1 Rh8+ 33. Kg2 Qh4 34. e5 Qxf4 35. Rf1 Nxd3 36. Qxd3 Qxe5 37. Nxc7 Raf8 38. Nd5 Rh6 39. c7 Bd4 40. Rf4 Bc5 41. Re4 Qh5 42. Rh3 Qg5+ 43. Rg3 Qc1 44. Qf3 Qh1# 0-1


[Site "https://www.chess.com"]

[Event "Titled Tuesday Blitz July 26 Late 2022"]
[White "Omariev, Maksim"]
[Black "Korchmar, Vasiliy"]
[WhiteFideId "4193423"]
[BlackFideId "24131750"]
[WhiteElo "2500"]
[BlackElo "2370"]
[Result "0-1"]
[Round "10"]
[TimeControl "180+1"]
[Date "2022.07.26"]
[WhiteClock "0:00:01"]
[BlackClock "0:01:40"]

1. b3 d5 2. Bb2 Bf5 3. h3 e6 4. g4 Be4 5. Nf3 Bxf3 6. exf3 Nf6 7. Nc3 Bd6 8. Qe2 O-O 9. O-O-O c5 10. h4 Nc6 11. Rh3 a5 12. h5 a4 13. g5 axb3 14. cxb3 Nd7 15. g6 d4 16. gxf7+ Rxf7 17. Nb5 Be5 18. a4 Na5 19. f4 Rxf4 20. Bg2 Qf6 21. Ba3 Rxf2 22. Qe4 c4 23. h6 g6 24. Re1 Nxb3+ 25. Rxb3 cxb3 26. Bh3 Rc8+ 27. Kb1 Rxd2 28. Bb2 Rcc2 29. Ba3 Qf2 30. Bxe6+ Kh8 0-1


[Site "https://www.chess.com"]

[Event "Titled Tuesday Blitz July 26 Late 2022"]
[White "Oparin, Grigoriy"]
[Black "Grigoriants, Sergey"]
[WhiteFideId "24125890"]
[BlackFideId "4130804"]
[WhiteElo "2639"]
[BlackElo "2502"]
[Result "1/2-1/2"]
[Round "10"]
[TimeControl "180+1"]
[Date "2022.07.26"]
[WhiteClock "0:01:05"]
[BlackClock "0:00:29"]

1. d4 Nf6 2. c4 e6 3. Nf3 d5 4. g3 dxc4 5. Bg2 Bb4+ 6. Bd2 a5 7. Qc2 Bxd2+ 8. Qxd2 c6 9. a4 b5 10. axb5 cxb5 11. Qg5 O-O 12. Qxb5 Ba6 13. Qa4 Qb6 14. O-O Qxb2 15. Nbd2 Bb5 16. Nxc4 Bxa4 17. Nxb2 Bb5 18. Ne5 Ra7 19. Nbc4 Nbd7 20. Rxa5 Rxa5 21. Nxa5 Bxe2 22. Re1 Bb5 23. Rb1 Rb8 24. h4 h5 25. Rc1 Ba6 26. Nac6 Rb2 27. Nxd7 Nxd7 28. d5 exd5 29. Bxd5 Nf6 30. Bf3 Bb7 31. Ne7+ Kh7 32. Bxb7 Rxb7 33. Nf5 g6 34. Nd4 Rd7 35. Nf3 Kg7 1/2-1/2


[Site "https://www.chess.com"]

[Event "Titled Tuesday Blitz July 26 Late 2022"]
[White "Ozer, Omer Faruk"]
[Black "Leiva, Gianmarco"]
[WhiteFideId "6354564"]
[BlackFideId "3804399"]
[WhiteElo "2050"]
[BlackElo "2323"]
[Result "1-0"]
[Round "10"]
[TimeControl "180+1"]
[Date "2022.07.26"]
[WhiteClock "0:00:07"]
[BlackClock "0:00:08"]

1. e4 c5 2. Nf3 d6 3. d4 cxd4 4. Nxd4 Nf6 5. Nc3 a6 6. Bc4 e6 7. Bb3 b5 8. Bg5 Be7 9. Qf3 Qc7 10. O-O-O Nbd7 11. Qg3 b4 12. Bxf6 Nxf6 13. Na4 O-O 14. f3 Bd7 15. Rhe1 Rac8 16. Kb1 Rfd8 17. e5 dxe5 18. Qxe5 Bd6 19. Qe2 Qa5 20. Nxe6 Bxe6 21. Bxe6 fxe6 22. Qxe6+ Kh8 23. b3 Bf8 24. Rxd8 Qxd8 25. Nb2 Qc7 26. Nc4 Re8 27. Qxe8 Nxe8 28. Rxe8 Kg8 29. g3 Kf7 30. Re4 Bd6 31. Rd4 Be5 32. Rd7+ Ke6 33. Rxc7 Bxc7 34. c3 bxc3 35. Kc2 h5 36. Kxc3 h4 37. gxh4 Bxh2 38. Kd4 Kf5 39. Ke3 Bg1+ 40. Ke2 Kf4 41. Nd6 Bd4 42. h5 Kg5 43. Ne4+ Kxh5 44. Kd3 Bb6 45. b4 Kg6 46. a4 Kf5 47. a5 Ba7 48. Nc5 Bxc5 49. bxc5 Ke5 50. Kc4 g5 51. c6 Kd6 52. c7 Kxc7 53. Kc5 Kd7 54. Kb6 Kd6 55. Kxa6 Kc6 56. Ka7 Kc7 57. Ka6 Kc6 58. Ka7 Kc7 59. a6 Kc8 60. Kb6 Kb8 61. Kc6 g4 62. fxg4 Ka7 63. g5 Kb8 64. g6 Ka7 65. g7 1-0


[Site "https://www.chess.com"]

[Event "Titled Tuesday Blitz July 26 Late 2022"]
[White "Pranav, V"]
[Black "Grischuk, Alexander"]
[WhiteFideId "25060783"]
[BlackFideId "4126025"]
[WhiteElo "2380"]
[BlackElo "2762"]
[Result "1-0"]
[Round "10"]
[TimeControl "180+1"]
[Date "2022.07.26"]
[WhiteClock "0:00:09"]
[BlackClock "0:00:04"]

1. e4 e6 2. d4 d5 3. Nc3 Bb4 4. e5 c5 5. a3 Bxc3+ 6. bxc3 Ne7 7. h4 Qc7 8. h5 h6 9. Nf3 b6 10. Bb5+ Bd7 11. Bd3 Ba4 12. Rh4 c4 13. Bf1 Nbc6 14. Rf4 Rf8 15. g3 O-O-O 16. Bh3 Kb7 17. Kf1 a5 18. Kg1 Na7 19. Rg4 Rg8 20. Rf4 Rdf8 21. Nh4 Nb5 22. Bd2 Ka7 23. Ra2 Qd7 24. Qf3 Qe8 25. Qd1 Nc6 26. Rf3 Nb8 27. Qb1 Nd7 28. Rb2 Ka6 29. Ra2 Qe7 30. Qc1 Qe8 31. Qd1 Rh8 32. Bc1 g5 33. hxg6 fxg6 34. Rxf8 Rxf8 35. Bd2 g5 36. Ng2 h5 37. Ne3 g4 38. Bf1 Qe7 39. Ng2 Rf3 40. Qe1 Nf8 41. Nf4 Qh7 42. Be2 Bxc2 43. Bxf3 gxf3 44. a4 Nc7 45. Qe3 Be4 46. Nh3 Qf5 47. Kh2 Ng6 48. Qg5 Qf8 49. Qxh5 Ne7 50. Qh6 Qe8 51. Ng5 Nc6 52. Ra1 Kb7 53. g4 Ka6 54. Kg3 b5 55. axb5+ Nxb5 56. Nxe6 Kb6 57. Nc5 Qg8 58. Nd7+ Kc7 59. Nf6 Qe6 60. Nxe4 Qxh6 61. Bxh6 dxe4 62. Bd2 Ne7 63. Kf4 Nd5+ 64. Kxe4 Ndxc3+ 65. Bxc3 Nxc3+ 66. Kxf3 a4 67. g5 Kd7 68. g6 Ke6 69. Ra3 Nb5 70. Rxa4 c3 71. Rc4 c2 72. Ke4 Kd7 73. g7 1-0


[Site "https://www.chess.com"]

[Event "Titled Tuesday Blitz July 26 Late 2022"]
[White "Prydun, Andriy"]
[Black "Janaszak, Dawid"]
[WhiteFideId "14145898"]
[BlackFideId "1119206"]
[WhiteElo "2063"]
[BlackElo "2199"]
[Result "0-1"]
[Round "10"]
[TimeControl "180+1"]
[Date "2022.07.26"]
[WhiteClock "0:00:05"]
[BlackClock "0:00:08"]

1. e4 e5 2. d4 exd4 3. Qxd4 Nc6 4. Qc4 d5 5. exd5 Nb4 6. Bd2 Qxd5 7. Qxd5 Nxd5 8. Nc3 Be6 9. Bc4 O-O-O 10. Nxd5 Bxd5 11. Bxd5 Rxd5 12. Nf3 Bc5 13. Bc3 f6 14. Rd1 Ne7 15. O-O Rhd8 16. Rxd5 Nxd5 17. Bd2 Nb6 18. b3 Kd7 19. Re1 Nc8 20. Kf1 Nd6 21. a4 a6 22. Bc3 Re8 23. Rd1 Kc6 24. Nd4+ Bxd4 25. Bxd4 Nf5 26. Bc3 h5 27. h3 b5 28. axb5+ axb5 29. Re1 Ra8 30. Ra1 Rd8 31. Ra6+ Kd5 32. Ke2 Nd6 33. f3 h4 34. Kd3 Nf5 35. Ra7 Rd7 36. Be1 Ke6+ 37. Ke2 g5 38. Bf2 Nd6 39. Ra6 Ke5 40. Ra5 c6 41. c4 Ke6 42. Ra6 bxc4 43. bxc4 Rc7 44. Kd2 Nxc4+ 45. Kc3 Ne5 46. Bb6 Rc8 47. Bd4 Ng6 48. Be3 Ne7 49. Ra5 Nd5+ 50. Kd3 Rd8 51. Ke2 Nc3+ 52. Kf2 Nd1+ 53. Ke2 Nc3+ 54. Kf2 Nb5 55. Ra6 Kd5 56. Ra1 c5 57. Rd1+ Nd4 58. Ra1 Rb8 59. Ra6 Rb2+ 60. Kf1 Nf5 61. Bf2 Ke5 62. Ra5 Rb1+ 63. Ke2 Rb2+ 64. Kf1 Kf4 65. Rxc5 Rb1+ 66. Ke2 Rb2+ 67. Ke1 Rb1+ 68. Ke2 Ng3+ 69. Kd3 Rd1+ 70. Kc2 Rf1 71. Rc4+ Kf5 72. Rc5+ Kg6 73. Bxg3 hxg3 74. Kd3 Rf2 75. Ke3 Rxg2 76. f4 Rh2 77. fxg5 fxg5 78. Kf3 Rxh3 79. Kg2 Rh4 80. Kxg3 Re4 81. Ra5 Kh5 82. Ra8 Re3+ 83. Kg2 Rb3 84. Kf2 Kg4 85. Kg2 Rb2+ 86. Kg1 Kg3 87. Ra3+ Kg4 88. Rc3 Kh4 89. Ra3 g4 90. Ra8 Kh3 91. Ra3+ g3 92. Kf1 Rg2 93. Ra4 Rh2 94. Ra8 Rh1+ 95. Ke2 g2 96. Rh8+ Kg4 97. Rg8+ Kh3 98. Rh8+ Kg3 99. Rg8+ Kh2 100. Rh8+ Kg1 101. Rg8 Rh4 102. Kf3 Rh2 103. Ke2 Kh1 104. Kf2 g1=Q+ 0-1


[Site "https://www.chess.com"]

[Event "Titled Tuesday Blitz July 26 Late 2022"]
[White "Rastbod, Ali"]
[Black "Vovk, Orest"]
[WhiteFideId "12567477"]
[BlackFideId "14113490"]
[WhiteElo "2135"]
[BlackElo "2203"]
[Result "1-0"]
[Round "10"]
[TimeControl "180+1"]
[Date "2022.07.26"]
[WhiteClock "0:01:31"]
[BlackClock "0:00:06"]

1. Nf3 h6 2. h4 Nc6 3. d4 e5 4. dxe5 Qe7 5. Bf4 Qb4+ 6. Bd2 Qxb2 7. Nc3 Bb4 8. Rb1 Qa3 9. Nd5 Bxd2+ 10. Qxd2 Qxa2 11. Nxc7+ Kd8 12. Rd1 Kxc7 13. Qd6+ Kd8 14. Qf8+ Kc7 15. Qxg7 Qa5+ 16. Nd2 Qxe5 17. Qxf7 Nf6 18. Rh3 Ng4 19. Rf3 Re8 20. Nc4 Qe6 21. Qf4+ Nge5 22. Re3 Qxc4 23. Qxc4 Nxc4 24. Rxe8 a5 25. e4 Nd6 26. Rh8 b5 27. Rxh6 a4 28. Rhxd6 a3 29. R6d2 a2 30. Ra1 b4 31. Bc4 Ba6 32. Rxa2 1-0


[Site "https://www.chess.com"]

[Event "Titled Tuesday Blitz July 26 Late 2022"]
[White "Rego, Pedro Filipe"]
[Black "Sanchez Alarcon, Juan"]
[WhiteFideId "1904310"]
[BlackFideId "3401332"]
[WhiteElo "2125"]
[BlackElo "2164"]
[Result "0-1"]
[Round "10"]
[TimeControl "180+1"]
[Date "2022.07.27"]
[WhiteClock "0:00:02"]
[BlackClock "0:01:46"]

1. e4 c5 2. Nf3 d6 3. d4 cxd4 4. Nxd4 Nf6 5. Nc3 a6 6. h3 e6 7. g4 Be7 8. Be3 Nc6 9. a3 Qc7 10. g5 Nd7 11. f4 b5 12. Nxc6 Qxc6 13. Qd2 Bb7 14. O-O-O O-O-O 15. Bd3 Nc5 16. Kb1 Nxd3 17. cxd3 Kb8 18. f5 d5 19. exd5 exd5 20. Bd4 f6 21. Rhe1 Rhe8 22. Re6 Qd7 23. Rde1 fxg5 24. Bxg7 Bf8 25. Bf6 Rc8 26. Bxg5 d4 27. Rxe8 Rxe8 28. Qf4+ Ka8 29. Rxe8+ Qxe8 30. Ne4 Qh5 31. Qg4 Qf7 32. f6 Qd5 33. Qf4 Qb3 34. Qf5 Qd1+ 35. Ka2 Qxd3 0-1


[Site "https://www.chess.com"]